 Dungeon Crawl Stone Soup version 0.29.1-1-gd02db6906a (webtiles) character file.

Game seed: 12505169060341020944

972 olmar the Covered (level 7, -3/61 HPs)
             Began as a Minotaur Fighter on Oct 17, 2022.
             Slain by Duvessa
             ... wielding a +2 short sword of venom
              (7 damage)
             ... on level 5 of the Dungeon.
             The game lasted 00:06:12 (4797 turns).

olmar the Covered (Minotaur Fighter)                Turns: 4797, Time: 00:06:13

Health: -3/61      AC: 11    Str: 22    XL:     7   Next: 94%
Magic:  6/6        EV:  8    Int:  5    God:
Gold:   379        SH:  4    Dex: 10    Spells: 6/6 levels left

rFire   . . .      SeeInvis .   a - +0 flail
rCold   + . .      Faith    .   c - +0 buckler
rNeg    . . .      Spirit   .   y - +0 chain mail
rPois   .          Reflect  .   (helmet restricted)
rElec   .          Harm     .   (no cloak)
rCorr   .          Rampage  .   j - +0 pair of gloves
Will    .....                   (no boots)
Stlth   ..........              (no amulet)
HPRegen 0.20/turn               q - ring of protection from cold
MPRegen 0.10/turn               (no ring)

@: lethally poisoned (-3 -> -44)
A: horns 2, retaliatory headbutt
a: no special abilities


You were on level 5 of the Dungeon.
You visited 1 branch of the dungeon, and saw 5 of its levels.
You also visited: Sewer.

You collected 379 gold pieces.

Inventory:

Hand Weapons
 a - a +0 flail (weapon)
Missiles
 n - 18 poisoned darts (quivered)
Armour
 b - a +0 scale mail
 c - a +0 buckler (worn)
 j - a +0 pair of gloves (worn)
 y - a +0 chain mail (worn)
Jewellery
 h - a ring of fire
 q - a ring of protection from cold (left hand)
 x - a +6 ring of intelligence
Wands
 m - a wand of polymorph (2)
 w - a wand of roots (2)
Scrolls
 e - 2 scrolls of identify
 g - a scroll of torment
 i - 2 scrolls of blinking
 k - a scroll of amnesia
 s - a scroll of magic mapping
 z - a scroll of immolation {unknown}
Potions
 d - a potion of might
 f - 6 potions of heal wounds
 l - a potion of attraction
 o - 2 potions of magic
 p - 5 potions of flight
 r - a potion of ambrosia
 t - a potion of resistance
 u - 2 potions of brilliance {unknown}
 v - a potion of berserk rage {unknown}


   Skills:
 + Level 5.5 Fighting
 + Level 6.7 Maces & Flails
 - Level 0.4 Throwing
 + Level 7.1 Armour
 + Level 2.7 Dodging
 - Level 0.3 Stealth
 + Level 4.8 Shields


You had 6 spell levels left.
You didn't know any spells.
Your spell library contained the following spells:

 Spells                   Type           Power      Damage    Failure   Level
 Poisonous Vapours        Pois/Air       0%         N/A       100%        2
 Corpse Rot               Necr/Pois/Air  0%         N/A       100%        4


Dungeon Overview and Level Annotations

Branches:
Dungeon (5/15)              Sewer (visited)
 Temple: D:4-7

Altars:
Nemelex Xobeh
Yredelemnul
Zin

Annotations:
D:5 Duvessa


Innate Abilities, Weirdness & Mutations

You have a pair of horns on your head.
You reflexively headbutt those who attack you in melee.


Message History

Duvessa is severely wounded.
You feel sick. Duvessa hits you but does no damage.
You are more poisoned.
Dowan says, "Magic and the sword, together, will defeat you."
Unknown command.
Aiming: Fastroot
Press: ? - help, Shift-Dir - straight line, p - Duvessa
Okay, then.
You hit Duvessa but do no damage. Your headbutt misses Duvessa.
Duvessa is severely wounded.
You feel very sick.
Duvessa hits you with a +2 short sword of venom.
You are more poisoned.
Duvessa hits you with a +2 short sword of venom.
You are lethally poisoned!
Aiming: Fastroot
Press: ? - help, Shift-Dir - straight line, f/p - Duvessa
Aim: Duvessa, wielding a +2 short sword of venom and wearing a +0 ring mail (severely wounded, fast)
The roots erupt in riotous growth!
Roots grab Duvessa.
Roots grab Dowan.
The grasping roots constrict Duvessa.
The grasping roots constrict Dowan.
You kill Dowan!
Duvessa screams in rage.
Duvessa goes berserk!
You feel extremely sick. Duvessa hits you but does no damage.
Unknown command.
Unknown command.
Unknown command.
You hit Duvessa but do no damage. Your headbutt misses Duvessa.
Duvessa is severely wounded.
The grasping roots constrict Duvessa.
* * * LOW HITPOINT WARNING * * *
You feel extremely sick.
The roots release their grip on Duvessa.
Duvessa hits you with a +2 short sword of venom!
* * * LOW HITPOINT WARNING * * *
You are more poisoned.
Duvessa hits you with a +2 short sword of venom!
You die...

....# ##.....###.##..#...)#
#...# ##...####.##.......#
....# ##....<..###)#...##
#...###########..######
#.##.## #...##...........#
#.##.#
##.#.###########.######...##.#
.##.#.## #...).......####.#
#.##.#.## #.##e######## #.#
.#.##.#.## #. #@# #.#.##.#.##
#e #.# ##.#.##.#.###! #.#####
.##.#.##.#.##. #.....#
#.##.#)##.#.## #####.#
.#.##.#.##.#.## #.#
..#.##.#.##.#.## #.#
#.)).##.#.##.#.# #.#
##.#...#.##.#†## #.#


You could see Duvessa (berserk, fast).

Vanquished Creatures
  A water moccasin (D:5)
  A phantom (D:5)
  A kobold brigand (Sewer)
  2 necrophages (D:5)
  3 scorpions (D:5)
  Dowan (D:5)
  5 hounds
  A gnoll bouda (D:5)
  A jelly (D:5)
  An iguana (D:4)
  Robin (D:4)
  2 adders
  2 ufetubi (D:5)
  A worm (D:3)
  A dart slug (D:1)
  2 orcs
  5 bats
  8 endoplasms
  4 giant cockroaches
  15 goblins
  16 hobgoblins
  4 jackals
  9 kobolds
  6 quokkas
  5 ball pythons
  7 rats
  A spectral orc (D:4)
106 creatures vanquished.

Notes
Turn   | Place    | Note
-------+----------+-------------------------------------------
     0 | D:1      | olmar the Minotaur Fighter began the quest for the Orb.
     0 | D:1      | Reached XP level 1. HP: 19/19 MP: 0/0
   308 | D:1      | Reached XP level 2. HP: 24/27 MP: 1/1
  1015 | D:2      | Found a faded altar of an unknown god.
  1076 | D:2      | Reached skill level 4 in Armour
  1076 | D:2      | Reached XP level 3. HP: 28/34 MP: 2/2
  2094 | D:3      | Reached XP level 4. HP: 41/41 MP: 3/3
  2294 | D:3      | Found a faded altar of an unknown god.
  2298 | D:3      | Found a glowing silver altar of Zin.
  2525 | D:4      | Found a glowing drain.
  2544 | Sewer    | Entered a sewer
  2598 | Sewer    | Noticed a kobold brigand
  2614 | Sewer    | Killed a kobold brigand
  2615 | Sewer    | Reached skill level 1 in Dodging
  2615 | Sewer    | Reached XP level 5. HP: 19/47 MP: 4/4
  2839 | Sewer    | Found a glowing silver altar of Zin.
  2918 | D:4      | Found a basalt altar of Yredelemnul.
  3116 | D:4      | Reached skill level 5 in Armour
  3391 | D:4      | Noticed Robin
  3395 | D:4      | Reached skill level 5 in Fighting
  3401 | D:4      | Killed Robin
  3623 | D:5      | Entered Level 5 of the Dungeon
  3623 | D:5      | Noticed a water moccasin
  3630 | D:5      | Killed a water moccasin
  3631 | D:5      | Reached skill level 5 in Maces & Flails
  3631 | D:5      | Reached XP level 6. HP: 56/56 MP: 5/5
  3673 | D:5      | Found a sparkling altar of Nemelex Xobeh.
  3770 | D:5      | Reached skill level 6 in Armour
  3770 | D:5      | Reached XP level 7. HP: 10/61 MP: 6/6
  4539 | D:5      | Reached skill level 7 in Armour
  4782 | D:5      | Noticed Duvessa
  4782 | D:5      | Noticed Dowan
  4796 | D:5      | Killed Dowan
  4797 | D:5      | Slain by Duvessa

Illustrated notes

Levels and vault maps discovered:
D:1:      wander_arrival_chamber, layout_basic, chequers_big_river
D:2:      cheibrodos_greedy_goblins, layout_rooms, basic_ecumenical_altar,
          minmay_misc_feat_cross
D:3:      layout_loops_ring, nicolae_overflow_ecumenical_swirl
D:4:      layout_loops_cross, yredelemnul_forgotten_temple_becter,
          gup_sewer_entry_pipe, corexii_item_surrounded_by_moat,
          minmay_fountain_box, uniq_robin
D:5:      minmay_inner_zag, layout_loops_ring, nemelex_spade_bored_becter,
          eino_curves_01, uniq_duvessa

Skill      XL: |  1  2  3  4  5  6  7 |
---------------+----------------------+-----
Fighting       | 4 5 |  5.5
Armour         | 4 5 6 7 |  7.1
Shields        | 4 |  4.8
Maces & Flails | 3 4 5 6 |  6.7
Dodging        | 1 2 |  2.7
Throwing       | |  0.4
Stealth        | |  0.3

Action                   |  1- 3 |  4- 6 |  7- 9 || total
-------------------------+-------+-------+-------++-------
Melee: Flail             |    98 |   125 |    52 ||   275
       Headbutt          |     7 |    17 |     9 ||    33
Throw: Dart              |       |     1 |       ||     1
Evoke: Wand              |       |       |     3 ||     3
  Use: Scroll            |     1 |     9 |       ||    10
       Potion            |       |     3 |       ||     3
Armor: Scale mail        |    45 |    52 |     6 ||   103
       Chain mail        |       |       |    20 ||    20
Dodge: Dodged            |    36 |    58 |    29 ||   123
Block: Buckler           |    25 |    25 |    16 ||    66
